 Dungeon Crawl Stone Soup version 0.31-a0-239-g0a1456f148 (webtiles) character file.

Game seed: 15492936379700801333

46 qw the Shooter (level 3, -2/21 HPs)
             Began as a Gargoyle Hexslinger on July 11, 2023.
             Slain by an ogre
             ... wielding a +0 giant club
              (11 damage)
             ... on level 2 of the Dungeon.
             The game lasted 00:00:25 (1444 turns).

qw the Shooter (Gargoyle Hexslinger)                Turns: 1444, Time: 00:00:26

Health: -2/21      AC:  7    Str: 11    XL:     3   Next: 66%
Magic:  4/4        EV: 11    Int: 13    God:
Gold:   66         SH:  0    Dex: 14    Spells: 3/4 levels left

rFire   . . .        Y - +2 sling
rCold   . . .        (no shield)
rNeg    + . .        f - +0 leather armour
rPois   inf          (no helmet)
rElec   +            j - +0 cloak
rCorr   .            (no gloves)
SInv    .            (no boots)
Will    .....        (no amulet)
Stlth   +            (no ring)
HPRegen 0.23/turn    (no ring)
MPRegen 0.09/turn

%: no passive effects
@: no status effects
A: sickness immunity, AC +3, negative energy resistance 1, electricity
resistance, torment resistance 1, petrification resistance
a: no special abilities


You were on level 2 of the Dungeon.
You visited 1 branch of the dungeon, and saw 2 of its levels.

You collected 66 gold pieces.


Innate Abilities, Weirdness & Mutations

You are immune to sickness and miasma.
Your stone body is resilient. (AC +3)
You are immune to poison.
You resist negative energy. (rN+)
You are resistant to electric shocks. (rElec)
You are resistant to unholy torment.
You are immune to petrification.


   Skills:
 - Level 2.0 Fighting
 + Level 3.5 Ranged Weapons
 - Level 1.5 Dodging
 - Level 1.0 Spellcasting
 - Level 2.6 Hexes


You had 3 spell levels left.
You knew the following spells:

 Your Spells              Type           Power      Damage    Failure   Level
a - Slow                  Hex            28%        N/A       12%         1

Your spell library contained the following spells:

 Spells                   Type           Power      Damage    Failure   Level
 Inner Flame              Hex/Fire       4%         N/A       54%         3
 Portal Projectile        Hex/Tloc       8%         N/A       54%         3
 Cause Fear               Hex            3%         N/A       77%         4

Inventory:

Hand Weapons
 Y - a +2 sling (weapon)
Armour
 a - a +0 pair of gloves
 f - a +0 leather armour (worn)
 j - a +0 cloak (worn)
Scrolls
 e - a scroll of fear {unknown}
 g - a scroll of vulnerability {unknown}
 h - 2 scrolls of identify {unknown}
Potions
 b - a potion of brilliance {unknown}
 c - a potion of curing {unknown}
 d - a potion of lignification {unknown}
 i - a potion of ambrosia {unknown}

Dungeon Overview and Level Annotations

Branches:
Dungeon (2/15)

Altars:

Shops:
D:1 (


Message History

You kill the rat!
There is an open door here.
A kobold comes into view. It is wielding a +0 club.
Enter note:
Enter note:
Enter note:
Enter note:
Enter note:
Enter note:
Enter note:
Enter note:
Enter note:
Enter note:
Enter note:
Enter note: You shoot a sling bullet.
The sling bullet hits the kobold.
You kill the kobold!
You hear a shout!
An ogre comes into view. It is wielding a +0 giant club.
You shoot a sling bullet. The sling bullet hits the ogre.
The ogre is lightly wounded.
You shoot a sling bullet.
The sling bullet barely misses the ogre.
The ogre hits you with a +0 giant club!
Ouch! That really hurt!
A rat comes into view.
You shoot a sling bullet. The sling bullet hits the ogre.
The ogre is moderately wounded.
The ogre barely misses you.
You shoot a sling bullet. The sling bullet hits the ogre.
The ogre is moderately wounded.
The ogre closely misses you.
You shoot a sling bullet. The sling bullet hits the ogre!
The ogre is heavily wounded.
The ogre barely misses you.
You shoot a sling bullet. The sling bullet hits the ogre.
The ogre is severely wounded.
The ogre hits you with a +0 giant club!
Ouch! That really hurt!
You die...

....##.......## #.#.##.#.#.# #.#.
.#..#.........###......#.#.###.#.
....)............................
....#......###..#.....<..#.###.#.
###.##.....# #...##.#.####.# #.#.
....###..###.###......# #.###.#.
######...# .) #...##.## #.......
# #.### #.###.##..# #####.## #
#.# #rO@......# #.# ######.###
#.###..##.# #.# .........# ..
#....#.## #.#
#...##.#.###.###.#...## #.# ...
#.....# #...##.## #.#
.......#...###..###.# #.#
.....#.##.......###.# #.##
...##.######.......# #... ...
..........###### ####


You could see an ogre and a rat.

Vanquished Creatures
  An adder (D:2)
  3 ball pythons
  4 endoplasms
  2 giant cockroaches (D:2)
  3 goblins
  4 hobgoblins
  4 jackals (D:1)
  5 kobolds
  A bat (D:1)
  3 frilled lizards
  2 rats
32 creatures vanquished.

Notes
Turn   | Place    | Note
-------+----------+-------------------------------------------
     0 | D:1      | qw the Gargoyle Hexslinger began the quest for the Orb.
     0 | D:1      | Reached XP level 1. HP: 12/12 MP: 2/2
     0 | D:1      | 0 ||| qw: Version: 0.3-a-52-g30416fa
     0 | D:1      | 0 ||| qw: Game counter: 5948
     0 | D:1      | 0 ||| qw: Melee chars always use a shield: true
     0 | D:1      | 0 ||| qw: God list: Okawaru
     0 | D:1      | 0 ||| qw: Allow faded altars: false
     0 | D:1      | 0 ||| qw: Do Orc after clearing Dungeon:15 true
     0 | D:1      | 0 ||| qw: Do second Lair branch before Depths: true
     0 | D:1      | 0 ||| qw: Lair rune preference: random
     0 | D:1      | 0 ||| qw: Goals: Normal
     0 | D:1      | 0 ||| PLANNING D:1-11
   147 | D:1      | Reached XP level 2. HP: 16/16 MP: 3/3
   282 | D:1      | Reached skill level 3 in Ranged Weapons
   524 | D:1      | Found Origrec's Weapon Shop.
   666 | D:1      | 666 ||| UPGRADING to +0 leather armour.
   676 | D:1      | 676 ||| DROPPING +0 robe.
   677 | D:1      | 677 ||| UPGRADING to +0 cloak.
   682 | D:1      | 682 ||| READING scroll labelled SEAPIH SADU.
   683 | D:1      | 683 ||| READING scroll labelled LEOLLU FUAFY.
   684 | D:1      | 684 ||| READING scroll labelled ONKID FOISU.
   689 | D:1      | 689 ||| DROPPING scroll of poison.
   702 | D:2      | Reached XP level 3. HP: 21/21 MP: 4/4
  1438 | D:2      | Noticed an ogre
  1444 | D:2      | Slain by an ogre

Levels and vault maps discovered:
D:1:      erik_arrival_triangle_small, layout_loops_ring, serial_shops, shop,
          nicolae_kite_square_tiling_tiny
D:2:      layout_loops_corners, minmay_quantized

Skill      XL: |  1  2  3 |
---------------+----------+-----
Ranged Weapons | 3 |  3.5
Fighting       | 2 |  2.0
Dodging        | |  1.5
Spellcasting   | |  1.0
Hexes          | |  2.6

Action                     || total
---------------------------++-------
   Fire: Sling             ||   106
    Use: Scroll            ||     3
 Armour: Robe              ||     7
         Leather armour    ||     3
  Dodge: Dodged            ||    29

Table legend:
 A = Non-vault XP
 B = Vault XP
 C = Vault XP percentage of total XP
 D = Non-vault monster count
 E = Vault monster count
 F = Vault count percentage of total count
                 A         B        C        D         E       F
            +---------+---------+-------+---------+---------+-------
      Total |      63 |       3 |   4.5 |      30 |       2 |   6.2
            +---------+---------+-------+---------+---------+-------
        D:1 |      32 |       0 |   0.0 |      18 |       0 |   0.0
        D:2 |      31 |       3 |   8.8 |      12 |       2 |  14.3
            +---------+---------+-------+---------+---------+-------
